 Dungeon Sprint DCSS version 0.27.1-33-g824d729ab1 (webtiles) character file.

Game seed: 3468808638775087063

5456 Hipnos the Warrior (level 10, -8/117 HPs)
             Began as a Gargoyle Berserker on Dec 2, 2021.
             Was a High Priest of Trog.
             Mangled by a 12-headed hydra (11 damage)
             ... in the Dungeon (Sprint I: "Red Sonja").
             The game lasted 00:09:32 (2377 turns).

Hipnos the Warrior (Gargoyle Berserker)             Turns: 2377, Time: 00:09:33

Health: -8/117     AC: 17    Str: 24    XL:     10   Next: 68%
Magic:  10/10      EV: 11    Int:  8    God:    Trog [*****.]
Gold:   856        SH: 10    Dex:  9    Spells: 9/9 levels left

rFire    . . .     SeeInvis .   a - +0 mace
rCold    + . .     Faith    .   l - +0 kite shield {AC+3}
rNeg     + . .     Spirit   .   i - +0 leather armour
rPois    ∞         Reflect  .   (no helmet)
rElec    +         Harm     .   (no cloak)
rCorr    .         Rampage  .   j - +2 pair of gloves "Axzer Worot" {rC+ Slay+3}
Will     ++...     NoTele   +   (no boots)
Stlth    ..........             (no amulet)
HPRegen  1.29/turn              (no ring)
MPRegen  0.12/turn              (no ring)

@: berserking (expiring), strong-willed, regenerating, very quick
A: sickness immunity, AC +7, negative energy resistance 1, electricity
resistance, torment resistance 1, petrification resistance
a: Renounce Religion, Berserk, Trog's Hand, Brothers in Arms


You were in the Dungeon.
You worshipped Trog.
Trog was extremely pleased with you.
You visited 1 branch You collected 1017 gold pieces.
You spent 161 gold pieces at shops.

Inventory:

Hand Weapons
 a - a +0 mace (weapon)
 d - a +1 great mace
Armour
 b - a +0 animal skin
 i - a +0 leather armour (worn)
 j - the +2 pair of gloves "Axzer Worot" (worn) {rC+ Slay+3}
   (You found it in the Dungeon)

   Slay:      It affects your accuracy & damage with ranged weapons and melee
   (+3).
   rC:        It protects you from cold.
 l - a +0 kite shield of protection (worn)
Scrolls
 h - a scroll of blinking
 k - a scroll of amnesia {unknown}
Potions
 c - 5 potions of curing
 e - a potion of haste
 f - 2 potions of magic
 g - a potion of berserk rage
 m - a potion of flight {unknown}


   Skills:
 * Level 15.7 Fighting
 * Level 15.4 Maces & Flails
 + Level 8.4 Armour
 + Level 7.4 Dodging
 + Level 3.0 Stealth
 + Level 4.7 Shields


You had 9 spell levels left.
You didn't know any spells.
Your spell library was empty.

Dungeon Overview and Level Annotations

Branches:
Dungeon (1/1)

Altars:
Cheibriados
Dithmenos
Elyvilon
Fedhas
Gozag
Hepliaklqana
Kikubaaqudgha
Makhleb
Nemelex Xobeh
Okawaru
Qazlal
Ru
Sif Muna
Trog
Uskayaw
Vehumet
Wu Jian
Xom
Yredelemnul
Zin
The Shining One
Jiyva
Lugonu

Shops:
D =:[


Innate Abilities, Weirdness & Mutations

You are immune to sickness and miasma.
Your stone body is resilient. (AC +7)
You are immune to poison.
You resist negative energy. (rN+)
You are resistant to electric shocks. (rElec)
You are resistant to unholy torment.
You are immune to petrification.


Message History

The 12-headed hydra bites you but does no damage.
The 12-headed hydra closely misses you.
The 12-headed hydra bites you but does no damage. x2
The 12-headed hydra bites you! You block the 12-headed hydra's attack.
The 12-headed hydra bites you! The 12-headed hydra barely misses you.
The 12-headed hydra bites you!
* * * LOW HITPOINT WARNING * * *
You barely miss the 12-headed hydra.
The 12-headed hydra is heavily wounded.
The floating eye's stare focuses on you.
You bludgeon the 12-headed hydra!!
The 12-headed hydra is almost dead.
The 12-headed hydra bites you but does no damage.
You block the 12-headed hydra's attack. The 12-headed hydra bites you.
* * * LOW HITPOINT WARNING * * *
You block the 12-headed hydra's attack. The 12-headed hydra barely misses you.
The 12-headed hydra bites you.
* * * LOW HITPOINT WARNING * * *
The 12-headed hydra bites you.
* * * LOW HITPOINT WARNING * * *
The 12-headed hydra bites you!
* * * LOW HITPOINT WARNING * * *
The 12-headed hydra bites you.
* * * LOW HITPOINT WARNING * * *
The 12-headed hydra closely misses you. You block the 12-headed hydra's attack.
The 12-headed hydra closely misses you.
You are too berserk!
You completely miss the 12-headed hydra.
The 12-headed hydra is severely wounded.
You block the 12-headed hydra's attack. x2
The 12-headed hydra bites you but does no damage. x2
The 12-headed hydra bites you.
* * * LOW HITPOINT WARNING * * *
The 12-headed hydra bites you.
* * * LOW HITPOINT WARNING * * *
The 12-headed hydra bites you but does no damage.
The 12-headed hydra barely misses you.
The 12-headed hydra bites you but does no damage. x3
The 12-headed hydra bites you!
You die...

#####################
..#.[#§§.§'.§§§§@DG$#
..##'#§####§§§§§##$.+
..'..#§# ##§§§## ##
###§.§.# ###+#
##§#### #.).°°#
#§^.°.+ ###.°°# #...#


You could see a 12-headed hydra and a floating eye (charged).

Vanquished Creatures
  Sonja (D)
  A deep troll (D)
  A lindwurm (D)
  A gargoyle (D)
  2 kobold demonologists (D)
  2 demonic crawlers (D)
  A slime creature (D)
  Sigmund (D)
  13 hogs (D)
  A yak (D)
  A floating eye (D)
  An ogre (D)
  A jelly (D)
  Ijyb (D)
28 creatures vanquished.

Vanquished Creatures (collateral kills)
  2 demonic crawlers (D)
2 creatures vanquished.

Vanquished Creatures (others)
  A gargoyle (D)
  2 ballistomycete spores (D)
3 creatures vanquished.

Grand Total: 33 creatures vanquished

Notes
Turn   | Place    | Note
-------+----------+-------------------------------------------
     0 | D        | Hipnos the Gargoyle Berserker began the quest for the Orb.
     0 | D        | Reached XP level 1. HP: 14/14 MP: 1/1
     1 | D        | Noticed Ijyb
    15 | D        | Killed Ijyb
    16 | D        | Reached skill level 5 in Fighting
    16 | D        | Reached XP level 2. HP: 11/21 MP: 2/2
    16 | D        | Reached XP level 3. HP: 14/26 MP: 3/3
   210 | D        | Noticed an ogre
   230 | D        | Killed an ogre
   231 | D        | Reached XP level 4. HP: 7/34 MP: 4/4
   349 | D        | Killed a gargoyle
   483 | D        | Noticed Sigmund
   489 | D        | Killed Sigmund
   489 | D        | Reached ** piety under Trog
   490 | D        | Reached skill level 1 in Stealth
   490 | D        | Reached XP level 5. HP: 41/41 MP: 5/5
   490 | D        | Reached XP level 6. HP: 46/46 MP: 6/6
   529 | D        | Found an ornate altar of the Wu Jian Council.
   529 | D        | Found a shimmering blue altar of Sif Muna.
   531 | D        | Found a radiant altar of Vehumet.
   539 | D        | Found Waalea's Book Emporium.
   539 | D        | Found an ancient bone altar of Kikubaaqudgha.
   539 | D        | Found a hazy altar of Hepliaklqana.
   539 | D        | Found a stormy altar of Qazlal.
   539 | D        | Found a hide-covered altar of Uskayaw.
   539 | D        | Found a blossoming altar of Fedhas.
   539 | D        | Found a bloodstained altar of Trog.
   539 | D        | Found an iron altar of Okawaru.
   539 | D        | Found a basalt altar of Yredelemnul.
   539 | D        | Found a glowing golden altar of the Shining One.
   539 | D        | Found a snail-covered altar of Cheibriados.
   539 | D        | Found a sacrificial altar of Ru.
   539 | D        | Found a glowing silver altar of Zin.
   539 | D        | Found a shadowy altar of Dithmenos.
   539 | D        | Found a white marble altar of Elyvilon.
   539 | D        | Noticed a yak
   555 | D        | Killed a yak
   556 | D        | Reached skill level 10 in Fighting
   556 | D        | Reached skill level 10 in Maces & Flails
   556 | D        | Found an opulent altar of Gozag.
   557 | D        | Found a sparkling altar of Nemelex Xobeh.
   793 | D        | Found a burning altar of Makhleb.
   793 | D        | Found a viscous altar of Jiyva.
   793 | D        | Found a shimmering altar of Xom.
   793 | D        | Found a corrupted altar of Lugonu.
   793 | D        | Noticed a slime creature
   799 | D        | Killed a slime creature
   799 | D        | Reached *** piety under Trog
   800 | D        | Reached skill level 5 in Armour
   800 | D        | Reached XP level 7. HP: 54/54 MP: 7/7
   900 | D        | Noticed Sonja
   907 | D        | Killed Sonja
   908 | D        | Reached XP level 8. HP: 60/60 MP: 8/8
   960 | D        | Identified the +2 pair of gloves "Axzer Worot" {rC+ Slay+3}
  1015 | D        | Found Gaskos's Jewellery Boutique.
  1035 | D        | Noticed a deep troll
  1045 | D        | Killed a deep troll
  1046 | D        | Reached XP level 9. HP: 46/68 MP: 9/9
  1055 | D        | Found Houproap's Armour Emporium.
  1060 | D        | Bought a +0 kite shield of protection for 161 gold pieces
  1240 | D        | Noticed a kobold demonologist
  1241 | D        | Noticed a kobold demonologist
  1250 | D        | Noticed a sun demon
  1255 | D        | Killed a kobold demonologist
  1255 | D        | Reached **** piety under Trog
  1256 | D        | Reached skill level 5 in Dodging
  1256 | D        | Killed a kobold demonologist
  1348 | D        | Noticed a demonic crawler
  1348 | D        | Noticed a demonic crawler
  1348 | D        | Noticed a demonic crawler
  1348 | D        | Noticed a demonic crawler
  1374 | D        | Killed a demonic crawler
  1380 | D        | Killed a demonic crawler
  1386 | D        | Killed a demonic crawler
  1387 | D        | HP: 5/103 [demonic crawler (4)]
  1390 | D        | Killed a demonic crawler
  1391 | D        | Reached skill level 1 in Shields
  1746 | D        | Noticed a lindwurm
  1761 | D        | Killed a lindwurm
  1762 | D        | Reached XP level 10. HP: 71/76 MP: 10/10
  1909 | D        | Reached ***** piety under Trog
  1910 | D        | Reached skill level 15 in Maces & Flails
  1921 | D        | Received a gift from Trog
  1937 | D        | Reached skill level 15 in Fighting
  2274 | D        | Noticed a gargoyle
  2279 | D        | Killed a gargoyle
  2369 | D        | Noticed a 12-headed hydra
  2370 | D        | Paralysed by a floating eye for 2 turns
  2377 | D        | HP: 3/117 [12-headed hydra (5)]
  2377 | D        | Mangled by a 12-headed hydra

Illustrated notes

Levels and vault maps discovered:
D:        dungeon_sprint_1 [red_sonja_temple_1, red_sonja_temple_small_1]

Skill      XL: |  1  2  3  4  5  6  7  8  9 10 |
---------------+-------------------------------+-----
Fighting       | 5 7 9 11 12 13 14 15 | 15.7
Maces & Flails | 4 6 8 10 12 13 14 15 | 15.4
Dodging        | 2 3 4 6 7 |  7.4
Armour         | 3 4 5 6 7 8 |  8.4
Stealth        | 1 2 3 |  3.0
Shields        | 1 4 |  4.7

Action                   |  1- 3 |  4- 6 |  7- 9 | 10-12 || total
-------------------------+-------+-------+-------+-------++-------
Melee: Mace              |    17 |    26 |    59 |    94 ||   196
Invok: Berserk           |     2 |     3 |     5 |     2 ||    12
       Brothers in Arms  |       |       |     2 |       ||     2
       Trog's Hand       |       |       |     1 |     1 ||     2
  Use: Potion            |       |       |     1 |       ||     1
Armor: Animal skin       |     3 |       |       |       ||     3
       Leather armour    |       |     6 |    67 |    53 ||   126
Dodge: Dodged            |     3 |    14 |    43 |    41 ||   101
Block: Kite shield       |       |       |    31 |    30 ||    61
